 Dungeon Crawl Stone Soup version 0.30.2 (webtiles) character file.

Game seed: 16215349683550775394

51 Ashen the Chiller (level 3, -2/31 HPs)
             Began as an Ogre Ice Elementalist on Jan 25, 2024.
             Slain by a gnoll
             ... wielding a +0 whip
              (8 damage)
             ... on level 2 of the Dungeon.
             The game lasted 00:02:44 (1510 turns).

Ashen the Chiller (Ogre Ice Elementalist)           Turns: 1510, Time: 00:02:46

Health: -2/31      AC:  3    Str: 12    XL:     3   Next: 83%
Magic:  6/7        EV: 10    Int: 18    God:
Gold:   168        SH:  0    Dex:  9    Spells: 7/8 levels left

rFire   . . .        k - +0 mace
rCold   . . .        (no shield)
rNeg    . . .        a - +0 robe
rPois   .            (helmet restricted)
rElec   .            (no cloak)
rCorr   .            (gloves unavailable)
SInv    .            (boots unavailable)
Will    .....        (no amulet)
Stlth   ++           (no ring)
HPRegen 0.25/turn    (no ring)
MPRegen 0.10/turn

%: no passive effects
@: no status effects
A: large, unfitting armour, tough skin 1
a: no special abilities


You were on level 2 of the Dungeon.
You visited 1 branch of the dungeon, and saw 2 of its levels.

You collected 168 gold pieces.

Inventory:

Hand Weapons
 k - a +0 mace (weapon)
Armour
 a - a +0 robe (worn)
Jewellery
 i - a ring of protection from fire
Scrolls
 c - 2 scrolls of noise {unknown}
 d - 2 scrolls of fear {unknown}
 f - 2 scrolls of immolation {unknown}
 g - 2 scrolls of vulnerability {unknown}
 h - a scroll of teleportation {unknown}
Potions
 b - a potion of magic
 e - a potion of attraction {unknown}
 j - a potion of resistance {unknown}
 l - a potion of mutation {unknown}


   Skills:
 + Level 2.4 Dodging
 + Level 2.0 Stealth
 + Level 3.0 Spellcasting
 + Level 4.0 Ice Magic


You had 7 spell levels left.
You knew the following spells:

 Your Spells              Type           Power      Damage    Failure   Level
a - Freeze                Ice            68%        1d8       3%          1

Your spell library contained the following spells:

 Spells                   Type           Power      Damage    Failure   Level
 Frozen Ramparts          Ice            34%        1d6       10%         3
 Ozocubu's Armour         Ice            17%        N/A       10%         3
 Sandblast                Erth           4%         2d4       16%         1
 Passwall                 Tmut/Erth      1%         N/A       24%         2
 Stone Arrow              Conj/Erth      4%         3d7       43%         3
 Summon Ice Beast         Ice/Summ       9%         N/A       56%         4


Dungeon Overview and Level Annotations

Branches:
Dungeon (2/15)

Altars:


Innate Abilities, Weirdness & Mutations

You are too large for most types of armour.
You have tough skin. (AC +1)


Message History

Confirm with . or Enter, or press ? or * to list all spells.
Aiming: Freeze (safe; 3% risk of failure)
Press: ? - help, Shift-Dir - straight line, f/p - gnoll
Aim: a gnoll, wielding a +0 spear (severely wounded)
You freeze the gnoll.
You kill the gnoll!
Your Stealth skill increases to level 2!
Your Spellcasting skill increases to level 3!
Your Ice Magic skill increases to level 4!
You hit the gnoll but do no damage. The gnoll barely misses you.
Casting: Freeze (safe; 3% risk of failure)
Confirm with . or Enter, or press ? or * to list all spells.
Aiming: Freeze (safe; 3% risk of failure)
Press: ? - help, Shift-Dir - straight line, f - gnoll
Aim: a gnoll, wielding a +0 whip You freeze the gnoll.
The gnoll is lightly wounded.
The gnoll closely misses you.
You barely miss the gnoll.
The gnoll is lightly wounded.
The gnoll barely misses you. The gnoll hits you with a +0 whip.
Casting: Freeze (safe; 3% risk of failure)
Confirm with . or Enter, or press ? or * to list all spells.
Aiming: Freeze (safe; 3% risk of failure)
Press: ? - help, Shift-Dir - straight line, f/p - gnoll
Aim: a gnoll, wielding a +0 whip (lightly wounded)
You freeze the gnoll.
The gnoll is heavily wounded.
The gnoll hits you with a +0 whip. Magic courses through your body.
The gnoll hits you with a +0 whip.
* * * LOW HITPOINT WARNING * * *
Casting: Freeze (safe; 3% risk of failure)
Confirm with . or Enter, or press ? or * to list all spells.
Aiming: Freeze (safe; 3% risk of failure)
Press: ? - help, Shift-Dir - straight line, f/p - gnoll
Aim: a gnoll, wielding a +0 whip (moderately wounded)
You freeze the gnoll.
The gnoll is severely wounded.
The gnoll hits you with a +0 whip!
You die...

#...........###### #..####
........###.########..####
........................^.
..........................
###.....###.##############
............# #
###.....##### #
##.##..######### #
.........@gg..... #
.......########## #
###.##. # #. #. # ##


You could see 2 gnolls.

Vanquished Creatures
  2 gnolls (D:2)
  A worm (D:2)
  A dart slug (D:2)
  2 ball pythons (D:2)
  3 endoplasms
  A giant cockroach (D:1)
  4 goblins
  3 hobgoblins
  3 kobolds
  A quokka (D:2)
  3 bats
  2 frilled lizards (D:2)
  A rat (D:2)
27 creatures vanquished.

Notes
Turn   | Place    | Note
-------+----------+-------------------------------------------
     0 | D:1      | Ashen the Ogre Ice Elementalist began the quest for the
                  | Orb.
     0 | D:1      | Reached XP level 1. HP: 16/16 MP: 3/3
   286 | D:1      | Reached XP level 2. HP: 24/24 MP: 3/5
   988 | D:2      | Reached XP level 3. HP: 23/31 MP: 0/7
  1505 | D:2      | Reached skill level 4 in Ice Magic
  1510 | D:2      | Slain by a gnoll

Illustrated notes

Levels and vault maps discovered:
D:1:      ncdulo_smallfort, layout_basic, minmay_liquid_box,
          hangedman_feature_mirror
D:2:      layout_basic

Skill      XL: |  1  2  3 |
---------------+----------+-----
Dodging        | 2 |  2.4
Stealth        | 2 |  2.0
Spellcasting   | 3 |  3.0
Ice Magic      | 4 |  4.0

Action                     || total
---------------------------++-------
  Melee: Unarmed           ||    10
         Mace              ||     7
   Cast: Freeze            ||    48
    Use: Potion            ||     1
   Stab: Sleeping          ||     1
 Armour: Robe              ||    24
  Dodge: Dodged            ||    38
